 Dungeon Crawl Stone Soup version 0.30.0-3-ga4e48a9924 (webtiles) character file.

Game seed: 7101780395593203080

136 Irreverend the Magician (level 4, -3/24 HPs)
             Began as a Deep Elf Fire Elementalist on May 8, 2023.
             Constricted to death by Natasha (5 damage)
             ... on level 3 of the Dungeon.
             The game lasted 00:05:08 (2779 turns).

Irreverend the Magician (DEFE)                      Turns: 2779, Time: 00:05:08

Health: -3/24      AC:  2    Str:  5    XL:     4   Next: 98%
Magic:  9/13       EV:  9    Int: 22    God:
Gold:   178        SH:  0    Dex: 15    Spells: 10/13 levels left

rFire   . . .        (no weapon)
rCold   . . .        (no shield)
rNeg    . . .        a - +0 robe
rPois   .            (no helmet)
rElec   .            (no cloak)
rCorr   .            (no gloves)
SInv    .            (no boots)
Will    .....        (no amulet)
Stlth   ++           p - ring of flight
HPRegen 0.24/turn    (no ring)
MPRegen 0.13/turn

%: no passive effects
@: grasped by roots, flying, slowed, constricted, very slow
A: no striking features
a: no special abilities


You were on level 3 of the Dungeon.
You visited 1 branch of the dungeon, and saw 3 of its levels.

You collected 178 gold pieces.

Inventory:

Armour
 a - a +0 robe (worn)
Jewellery
 p - a ring of flight (left hand)
Scrolls
 c - a scroll of teleportation {unknown}
 h - a scroll of amnesia {unknown}
 i - 2 scrolls of immolation {unknown}
 j - a scroll of blinking {unknown}
 l - a scroll of brand weapon {unknown}
 m - a scroll of torment {unknown}
 n - a scroll of enchant weapon {unknown}
 o - a scroll of noise {unknown}
 r - a scroll of identify
Potions
 b - a potion of magic
 d - 3 potions of resistance
 e - 3 potions of curing
 f - 2 potions of heal wounds {unknown}
 g - a potion of might {unknown}
 k - 2 potions of haste {unknown}
 q - a potion of berserk rage {unknown}


   Skills:
 - Level 2.5 Dodging
 - Level 2.6 Stealth
 + Level 5.2 Spellcasting
 - Level 1.3 Conjurations
 + Level 4.9 Fire Magic


You had 10 spell levels left.
You knew the following spells:

 Your Spells              Type           Power      Damage    Failure   Level
a - Foxfire               Conj/Fire      76%        2x1d7     2%          1
b - Scorch                Fire           54%        2d7       1%          2

Your spell library contained the following spells:

 Spells                   Type           Power      Damage    Failure   Level
 Inner Flame              Hex/Fire       16%        N/A       11%         3
 Volatile Blastmotes      Fire/Tloc      32%        2d12      11%         3
 Flame Wave               Conj/Fire      19%        2d7       26%         4


Dungeon Overview and Level Annotations

Branches:
Dungeon (3/15)

Altars:
Cheibriados
Trog

Shops:
D:2 [

Annotations:
D:3 Natasha


Message History

The magic dart hits you. Natasha casts a spell at you. The magic dart hits you!
Casting: Foxfire (safe; 2% risk of failure)
Confirm with . or Enter, or press ? or * to list all spells.
You conjure some foxfire!
The foxfire hits the worm.
The worm is moderately wounded.
The foxfire hits Natasha.
Natasha is moderately wounded.
Natasha zaps a wand.
The roots erupt in riotous growth!
The grasping roots grab you! The grasping roots constrict you.
* * * LOW HITPOINT WARNING * * *
Casting: Foxfire (safe; 2% risk of failure)
Confirm with . or Enter, or press ? or * to list all spells.
You conjure some foxfire!
Natasha mumbles some strange words.
The grasping roots constrict you.
* * * LOW HITPOINT WARNING * * *
Natasha growls.
The grasping roots constrict you.
* * * LOW HITPOINT WARNING * * *
The grasping roots release their grip on you.
The foxfire hits the worm.
The worm is moderately wounded.
The foxfire hits the worm.
The worm is moderately wounded.
Natasha howls an incantation.
Natasha shimmers violently.
Casting: Foxfire (safe; 2% risk of failure)
Confirm with . or Enter, or press ? or * to list all spells.
Flames lash Natasha.
Natasha is severely wounded.
Natasha's fire resistance burns away.
A rat comes into view.
Natasha zaps a wand.
The roots erupt in riotous growth!
The grasping roots grab you! The grasping roots constrict you.
You die...

#.......................
#....
#........................#
##...
#..........###.....####..#
#..........# #.....# #....
#..........###.....###.....
..............>..##...##..#
######.^...>....###....r..#
#....................#
................@.hw.......
##################.........
#ยง..5..... #....$....
#......... #.........
.......... ##.........
#.........


You could see a worm, Natasha (combustible), a cerulean imp (summoned) and a
rat.

Vanquished Creatures
  A mummy (D:3)
  6 adders
  A shadow imp (D:3)
  A worm (D:2)
  2 dart slugs
  3 orcs (D:3)
  4 endoplasms
  A giant cockroach (D:3)
  5 goblins
  6 hobgoblins
  4 kobolds
  4 quokkas
  3 ball pythons
  4 bats
  2 frilled lizards
  6 rats
53 creatures vanquished.

Vanquished Creatures (others)
  66 foxfires
66 creatures vanquished.

Grand Total: 119 creatures vanquished

Notes
Turn   | Place    | Note
-------+----------+-------------------------------------------
     0 | D:1      | Irreverend the Deep Elf Fire Elementalist began the quest
                  | for the Orb.
     0 | D:1      | Reached XP level 1. HP: 10/10 MP: 6/6
   314 | D:1      | Reached XP level 2. HP: 10/15 MP: 5/8
   317 | D:1      | Learned a level 2 spell: Scorch
  1353 | D:2      | Reached XP level 3. HP: 19/19 MP: 5/10
  1426 | D:2      | Reached skill level 4 in Spellcasting
  1676 | D:2      | Found a bloodstained altar of Trog.
  1891 | D:2      | Reached XP level 4. HP: 24/24 MP: 6/12
  2060 | D:2      | Found Amukox's Armour Shoppe.
  2521 | D:3      | Found a snail-covered altar of Cheibriados.
  2529 | D:3      | Reached skill level 5 in Spellcasting
  2770 | D:3      | Noticed Natasha
  2776 | D:3      | HP: 1/24 [constriction (5)]
  2779 | D:3      | Constricted to death by Natasha

Illustrated notes

Levels and vault maps discovered:
D:1:      dpeg_arrival_chambers_temple_mockup, layout_basic
D:2:      layout_loops_ring, serial_shops, shop, basic_altar,
          minmay_tetromino_i4
D:3:      layout_rooms, slow_altar_1, uniq_natasha

Skill      XL: |  1  2  3  4 |
---------------+-------------+-----
Spellcasting   | 4 5 |  5.2
Fire Magic     | 4 |  4.9
Dodging        | |  2.5
Stealth        | |  2.6
Conjurations   | |  1.3

Action                     |  1- 3 |  4- 6 || total
---------------------------+-------+-------++-------
   Cast: Foxfire           |    18 |    23 ||    41
         Scorch            |    32 |    11 ||    43
    Use: Scroll            |       |     2 ||     2
 Armour: Robe              |     3 |     1 ||     4
  Dodge: Dodged            |    10 |     4 ||    14
